[Event "Early-Titled-Tuesday-Blitz-September-26-2023"]
[Site "Chess.com"]
[Date "2023.09.26"]
[Round "1"]
[White "BJthechessgod"]
[Black "Ermito2020"]
[Result "0-1"]
[WhiteElo "2368"]
[BlackElo "2671"]
[TimeControl "180+1"]
[EndTime "8:08:25 PDT"]
[Termination "Ermito2020 won by resignation"]

1. e4 e6 2. d4 d5 3. e5 c5 4. c3 Qb6 5. Nf3 Nc6 6. a3 Nh6 7. b4 cxd4 8. cxd4 Nf5 9. Bb2 Bd7 10.
Nc3 Ncxd4 11. Nxd4 Qxd4 12. Qxd4 Nxd4 13. Nxd5 Nc2+ 14.
Kd2 exd5 15. Kxc2 a5 16. b5 Bc5 17. f3 Rc8 18. Kd2 Ke7 19. Bd3 h5 20. Rac1 h4 21.
a4 b6 22. h3 Rh5 23. f4 g6 24. Ke2 Bf5 25. Rhf1 Ke6 26. Bd4 Rhh8 27. Bxc5 bxc5 28.
Bxf5+ gxf5 29. Rc2 Rhg8 30. Kf2 c4 31. b6 d4 32. b7 Rc6 33. Rb1 Rb8 34. Rb5 Rc7 35.
Ke1 c3 36. Ke2 Rbxb7 37. Rxa5 Rd7 38. Kd3 Rb1 39. Ra6+ Ke7 40. Rd6 Rd1+ 41. Ke2 Rg1 42. Rxd7+ Kxd7 43. Kd3 Rd1+ 44. Ke2 Ra1 45. Kd3 Rxa4 46.
Rc1 Kc6 47. Rb1 Kc5 48. Rb7 Ra2 49. Rc7+ Kb6 50. Rxf7 c2 51. Kd2 d3 52. Rf8 Ra1 53. Rc8 Rd1+ 54. Ke3 c1=Q+ 55. Rxc1 Rxc1 56. Kxd3 Kc6 57. Kd4 Rg1 58. e6 Kd6 59. e7 Kxe7 60. Ke5 Rxg2 61.
Kxf5 Rg3 0-1

[Event "Early-Titled-Tuesday-Blitz-September-26-2023"]
[Site "Chess.com"]
[Date "2023.09.26"]
[Round "1"]
[White "Bilan_Danila"]
[Black "Alenzer"]
[Result "1-0"]
[WhiteElo "2547"]
[BlackElo "2091"]
[TimeControl "180+1"]
[EndTime "8:08:33 PDT"]
[Termination "Bilan_Danila won by checkmate"]

1. d4 d5 2. Nf3 e6 3. c4 c5 4. Nc3 Nf6 5. cxd5 exd5 6. g3 Nc6 7.
Bg2 Be7 8. O-O O-O 9. dxc5 Bxc5 10. Bg5 Be6 11. Rc1 Bb6 12. Nb5 h6 13. Bf4 Ne4 14.
Nbd4 Rc8 15. Nxc6 bxc6 16. Nd4 c5 17. Nxe6 fxe6 18. Bxe4 dxe4 19. Qc2 Qd5 20. Rfd1 Qc6 21. Rd6 Qb7 22. Rxe6 c4 23. Qxe4 Qf7 24. Re7 Rfe8 25.
Rxe8+ Rxe8 26. Qf3 Bd4 27. Rb1 Qg6 28. e4 Qxe4 29.
Qxe4 Rxe4 30. Kf1 a5 31. Bd2 Re5 32. Bc3 Bxc3 33. bxc3 Rd5 34. Ke2 Rd3 35. Rc1 Kf7 36. Rc2 Ke6 37. f3 Kd5 38. Rd2 Rxd2+ 39. Kxd2 a4 40.
a3 g5 41. Ke3 Ke5 42. f4+ gxf4+ 43. gxf4+ Kf5 44. Kf3 h5 45. h4 Kf6 46. Ke4 Ke6 47. f5+ Kf6 48. Kf4 Kf7 49. Kg5 Kg7 50. Kxh5 Kf6 51.
Kg4 Kg7 52. Kg5 Kf7 53. h5 Kg7 54. h6+ Kh7 55. Kf6 Kg8 56. Ke7 Kh7 57. f6 Kh8 58.
f7 Kh7 59. f8=Q Kg6 60. Qg7+ Kf5 61. h7 Ke4 62. Qd4+ Kf3 63. h8=Q Kg3 64. Qhg7+ Kf3 65.
Qgg4# 1-0

[Event "Early-Titled-Tuesday-Blitz-September-26-2023"]
[Site "Chess.com"]
[Date "2023.09.26"]
[Round "1"]
[White "Rosh1610"]
[Black "bascheyaro"]
[Result "0-1"]
[WhiteElo "2475"]
[BlackElo "2810"]
[TimeControl "180+1"]
[EndTime "8:08:35 PDT"]
[Termination "bascheyaro won by checkmate"]

1. e4 e6 2. d4 d5 3. Nc3 Bb4 4. exd5 exd5 5. Bd3 Nf6 6. Ne2 c5 7. dxc5 O-O 8. O-O Bxc5 9. Bg5 Be7 10. Nf4 d4 11. Bxf6 Bxf6 12. Ncd5 Bg5 13. Qf3 Nc6 14. Rfe1 g6 15. Rad1 Qd6 16. Ne2 Rd8 17. Ndf4 Ne5 18. Qg3 Nxd3 19. Rxd3 Bf6 20. Nxd4 Bxd4 21. c3 Bxf2+ 22. Qxf2 Qf8 23. Rxd8 Qxd8 24. Qd4 Qxd4+ 25. cxd4 Kf8 26. Nd5 Be6 27. Nc7 Rc8 28. Nxe6+ fxe6 29. Rxe6 Rc2 30. Rf6+ Ke7 31. Rf2 Rc1+ 32. Rf1 Rc2 33. Rf2 Rc1+ 34. Rf1 Rc4 35. Rf4 Ke6 36. Kf2 Rc2+ 37.
Kf3 Rxb2 38. Re4+ Kd6 39. a4 Rb3+ 40. Kf4 Rb4 41. Kf3 Rxa4 42. Rh4 h5 43. Re4 g5 44. Re5 Rxd4 45. Rxg5 Rd5 46. Rg6+ Kc5 47. g4 Rd3+ 48. Ke4 Rd4+ 49. Ke3 Rxg4 50. Rh6 Rh4 51. Rh7 Kb6 52. Rh6+ Ka5 53. Rh7 Ka6 54. Rh6+ b6 55. Kd3 Rxh2 56. Kc3 Rh4 57. Kb3 Kb5 58. Rh7 Rh3+ 59. Kb2 a5 60.
Rh6 a4 61. Kb1 Ka5 62. Rh7 b5 63. Rh6 b4 64. Rh7 b3 65. Rh8 Kb4 66. Rb8+ Ka3 67. Kc1 b2+ 68. Kd2 Rb3 69. Kc2 b1=Q+ 70. Kd2 Qa2+ 71.
Kd1 Rxb8 72. Ke1 Rb1# 0-1

[Event "Early-Titled-Tuesday-Blitz-September-26-2023"]
[Site "Chess.com"]
[Date "2023.09.26"]
[Round "1"]
[White "falzehope0"]
[Black "bazar-wokzal"]
[Result "0-1"]
[WhiteElo "2353"]
[BlackElo "2655"]
[TimeControl "180+1"]
[EndTime "8:08:35 PDT"]
[Termination "bazar-wokzal won by resignation"]

1. d4 Nf6 2. e3 Nc6 3. f4 d6 4. Bd3 e5 5. c3 g6 6. Nd2 Bg7 7.
Ne2 O-O 8. O-O Qe7 9. Qc2 Re8 10.
Ng3 h5 11. h3 exf4 12. exf4 Qe3+ 13. Kh2 h4 14. Nde4 hxg3+ 15. Kh1 Rxe4 16. Bxe3 Rxe3 17.
f5 g5 18. Qd2 Re7 19. Qxg5 Bd7 20. Qxg3 Rae8 21. Rae1 Nh5 22. Qf2 Bf6 23. Rxe7 Rxe7 24.
Re1 Kf8 25. Rxe7 Nxe7 26. g4 Ng7 27. Be4 d5 28. Bg2 Ne8 29. Qf4 Nd6 30. g5 Bh8 31.
Qh4 Kg8 32. f6 Ng6 33. Qe1 Ne4 34. Bxe4 dxe4 35. Qxe4 c6 36. h4 Be6 37. Kg1 Nf8 38. h5 Bxa2 39. Qe7 b5 40. Qxa7 Bd5 41. Qe7 Nh7 42. g6 fxg6 43. Qe8+ Nf8 44. hxg6 Bxf6 45. Qc8 Kg7 46. Qg4 Nxg6 47. Qd7+ Ne7 48. Qb7 Kf7 49.
Kf2 Ke6 50. Ke3 Nf5+ 51. Kf4 Nd6 52. Qa7 Nf7 53. Ke3 Bg5+ 54. Kf2 Nd6 55. Ke1 Ne4 56.
Kd1 Be3 57. Kc2 Bc4 58. b3 Be2 59. Qb7 Kd6 60. Qb8+ Kd7 61. Qb7+ Kd6 62. Qb8+ Kd7 63. Qb7+ Kd8 64. Qc7+ Kxc7 65. Kb2 Bd2 66. Ka3 Bxc3 67. d5 cxd5 68. b4 Nd6 69. Kb3 d4 70. Kc2 Nf5 71.
Kb3 Ne3 72. Ka2 Nd5 73. Kb3 Bxb4 74. Kc2 d3+ 75. Kb2 d2 76. Kc2 d1=Q+ 77. Kb2 Qd2+ 78. Ka1 Bc3+ 0-1

[Event "Early-Titled-Tuesday-Blitz-September-26-2023"]
[Site "Chess.com"]
[Date "2023.09.26"]
[Round "1"]
[White "Juicy_Fork"]
[Black "Bauman_Guy"]
[Result "0-1"]
[WhiteElo "2502"]
[BlackElo "2893"]
[TimeControl "180+1"]
[EndTime "8:08:38 PDT"]
[Termination "Bauman_Guy won on time"]

1. e4 c5 2. Nf3 d6 3. d4 Nf6 4. Nc3 cxd4 5. Nxd4 a6 6. Bd3 e5 7.
Nde2 Be7 8. O-O O-O 9. h3 b5 10. Be3 Bb7 11. f4 Nbd7 12. a3 Rc8 13. g4 exf4 14. Nxf4 Ne5 15. g5 Nfd7 16. h4 Nb6 17.
Ncd5 Nxd5 18. exd5 Re8 19. Bd4 g6 20. c3 Bf8 21. Bc2 Bg7 22. Kh2 Qe7 23. Re1 Rc4 24.
Bd3 Rc7 25. Be4 Nc4 26. b3 Bxd4 27. Qxd4 Ne5 28. Bg2 Rec8 29. Rac1 h6 30. Nd3 Re8 31. Nxe5 dxe5 32. Qd2 Rd7 33. gxh6 Qxh4+ 34. Kg1 Kh7 35. c4 Qxh6 36. Qxh6+ Kxh6 37. c5 Bxd5 38. c6 Rd6 39.
Red1 Rxc6 40. Bxd5 Rxc1 41. Rxc1 f5 42. Bb7 a5 43. Kf2 b4 44. a4 e4 45. Rc5 Rd8 46. Rxa5 Rd2+ 47. Ke1 Rd3 48. Bd5 Kg5 49. Bc4 Rc3 50.
Rb5 Kf4 51. Rb6 Ke3 52. Kd1 g5 53. Rg6 g4 54. a5 Kf2 55. a6 e3 56. Re6 g3 57. a7 g2 58. Rg6 Rxc4 59. bxc4 e2+ 60. Kc2 e1=Q 61. a8=Q Qc3+ 62. Kb1 g1=Q+ 63. Rxg1 Kxg1 64.
Qa7+ Kg2 65. Qb7+ Kg3 66. Qc7+ f4 0-1

[Event "Early-Titled-Tuesday-Blitz-September-26-2023"]
[Site "Chess.com"]
[Date "2023.09.26"]
[Round "1"]
[White "Rap_woyska"]
[Black "RobertoJBM"]
[Result "1/2-1/2"]
[WhiteElo "2502"]
[BlackElo "2846"]
[TimeControl "180+1"]
[EndTime "8:08:45 PDT"]
[Termination "Game drawn by stalemate"]

1. c4 c6 2. e4 d5 3. exd5 cxd5 4.
d4 Nf6 5. Nc3 e6 6. Nf3 Be7 7.
cxd5 Nxd5 8. Bd3 O-O 9. O-O Nc6 10. Re1 Nf6 11. a3 b6 12. Bg5 Bb7 13. Rc1 Rc8 14.
Bb1 Nd5 15. Bxe7 Ncxe7 16. Ne5 Nxc3 17. Rxc3 Rxc3 18. bxc3 Qd6 19. a4 Nd5 20. Qd3 Nf6 21. Ng4 Rc8 22. Nxf6+ gxf6 23. Qxh7+ Kf8 24. Be4 Rc7 25.
Bxb7 Rxb7 26. h4 Ke7 27. h5 Qf4 28. Qe4 Qxe4 29. Rxe4 Rc7 30. h6 Rxc3 31. h7 Rc8 32.
d5 Rh8 33. dxe6 fxe6 34. Rh4 Kf7 35. a5 bxa5 36. Kf1 Kg6 37. Rg4+ Kxh7 38. Ra4 Kg6 39. Rxa5 Rh7 40. Ke2 e5 41. Ke3 Rb7 42. g4 Rb4 43. f3 Rb7 44. Ra6 Kg5 45. Ke4 Rb4+ 46. Ke3 Rb3+ 47. Ke4 Rb4+ 48. Ke3 Rb7 49. Ke4 Rd7 50.
Ke3 Kg6 51. Ke4 Rc7 52. Ke3 Rb7 53. Ke4 Kg5 54. Ke3 f5 55. gxf5 Kxf5 56. Ra5 Rc7 57. Ra4 Rd7 58. Ra5 Rb7 59. Ra4 Rh7 60. Ra5 Rd7 61.
f4 Re7 62. Rxe5+ Rxe5+ 63. fxe5 Kxe5 64. Kd3 Kd5 65. Kc3 Kc5 66. Kb3 Kb5 67. Ka3 a5 68.
Kb3 a4+ 69. Ka3 Ka5 70. Ka2 Kb4 71. Ka1 a3 72. Ka2 Ka4 73. Ka1 Kb3 74. Kb1 a2+ 75. Ka1 Ka3 1/2-1/2

[Event "Early-Titled-Tuesday-Blitz-September-26-2023"]
[Site "Chess.com"]
[Date "2023.09.26"]
[Round "1"]
[White "SHIVACalypso"]
[Black "MikaelyanArman"]
[Result "0-1"]
[WhiteElo "2496"]
[BlackElo "2864"]
[TimeControl "180+1"]
[EndTime "8:08:46 PDT"]
[Termination "MikaelyanArman won on time"]

1. d4 Nf6 2. c4 d6 3. Nf3 Nc6 4.
d5 Nb8 5. Nc3 g6 6. g3 Bg7 7. Bg2 O-O 8. O-O a5 9. e4 Na6 10. Be3 e5 11. a3 Ng4 12. Bg5 f6 13.
Bd2 Nc5 14. b4 axb4 15. axb4 Rxa1 16. Qxa1 Nb3 17. Qa2 Nxd2 18. Nxd2 f5 19. c5 Bh6 20. cxd6 cxd6 21. Nc4 Nf6 22. Qa5 Qe7 23. Qb6 Rd8 24.
exf5 Bxf5 25. Nb5 Bf8 26. Re1 Bd3 27. Bf1 Nxd5 28. Qa5 Bxf1 29. Rxf1 Nf6 30. Re1 e4 31. Nd4 d5 32. Ne3 Rd7 33. b5 Qb4 34. Qxb4 Bxb4 35.
Rc1 Kf7 36. Rc8 Ba5 37. Kg2 Bb6 38. Nec2 Rd8 39. Rxd8 Bxd8 40. f3 Bb6 41. fxe4 dxe4 42. Nb3 Nd5 43. Kf1 Kf6 44. Ncd4 Ke5 45. Ne2 Ne3+ 46.
Ke1 Nc4 47. Nc3 g5 48. Ke2 h5 49. Na4 Bd4 50. Nbc5 Bxc5 51. Nxc5 b6 52. Nd7+ Ke6 53. Nf8+ Kf7 54. Nd7 Ke7 55. Nb8 Ke6 56. Nc6 Nd6 57.
Ke3 Kd5 58. Ne7+ Ke5 59. Nc6+ Kf5 60. Ne7+ Ke6 61. Nc6 Nxb5 62. Kxe4 Nd6+ 63. Kd4 Kf5 64. Ne5 Nb5+ 65. Kd5 Nc7+ 66. Kd6 Ne8+ 67. Kd5 Nf6+ 68. Kd4 Ng4 69. Nf3 Nf6 70. Ne5 b5 71. h4 g4 72. Nc6 Ne4 73. Ne7+ Ke6 74. Nd5 Nxg3 0-1

[Event "Early-Titled-Tuesday-Blitz-September-26-2023"]
[Site "Chess.com"]
[Date "2023.09.26"]
[Round "1"]
[White "AndrewB92"]
[Black "Ditman2007"]
[Result "0-1"]
[WhiteElo "2371"]
[BlackElo "2676"]
[TimeControl "180+1"]
[EndTime "8:08:46 PDT"]
[Termination "Ditman2007 won by resignation"]

1. d4 Nf6 2. c4 c5 3. d5 b5 4. cxb5 a6 5. e3 g6 6. Nc3 Bg7 7. Nf3 O-O 8. a4 d6 9. e4 Nfd7 10. Bd2 axb5 11. Bxb5 Ba6 12. O-O Bxb5 13. axb5 Rxa1 14.
Qxa1 Qb6 15. Qa4 Ne5 16. Nxe5 Bxe5 17. Ra1 Nd7 18. Qa7 Rd8 19. Qxb6 Nxb6 20. b3 Rb8 21.
Kf1 Kf8 22. g3 Ke8 23. Ke2 Nc8 24. Ra5 Kd7 25. Kd3 Rb7 26. f4 Bxc3 27. Bxc3 Kc7 28. b4 cxb4 29. Bxb4 Kb6 30. Kc4 Rc7+ 31. Kb3 Na7 32. Ra1 Kxb5 33. e5 Nc8 34. Ra5+ Kb6 35. Ra8 Kb7 36. Ra2 dxe5 37. fxe5 Rd7 38. Rd2 Nb6 39. d6 exd6 40. exd6 Kc6 41. Rc2+ Kd5 42. Rd2+ Ke6 43. Re2+ Kd5 44. Re7 Kc6 45. h4 Nd5 46. Rxd7 Kxd7 47. Ba3 Nf6 48. Kc4 Ne4 49. Kd5 Nxg3 50.
Ke5 Nh5 51. Bb4 f6+ 52. Kd5 Nf4+ 53. Ke4 Ne6 54. h5 Ng5+ 55. Kf4 Nf7 56. hxg6 hxg6 57. Bc3 Ke6 58. d7 f5 59. Bb4 Kxd7 60. Ba5 Ke6 61. Bc3 g5+ 62. Kf3 Ne5+ 63. Kf2 f4 64. Bd2 Kf5 65.
Bc1 g4 66. Ba3 Ke4 67. Kg2 Ke3 68. Kf1 g3 69. Bc5+ Kf3 70. Bd6 Nd3 71. Kg1 Kg4 72. Bc7 f3 73. Bb6 Nf4 74. Ba7 Ne2+ 75. Kf1 g2+ 76. Ke1 g1=Q+ 77. Bxg1 Nxg1 0-1

[Event "Early-Titled-Tuesday-Blitz-September-26-2023"]
[Site "Chess.com"]
[Date "2023.09.26"]
[Round "1"]
[White "ajedrezhoy"]
[Black "meoluoi91"]
[Result "0-1"]
[WhiteElo "2371"]
[BlackElo "2669"]
[TimeControl "180+1"]
[EndTime "8:08:46 PDT"]
[Termination "meoluoi91 won on time"]

1. c4 c6 2. Nf3 d5 3. e3 Nf6 4. Nc3 a6 5. d4 b5 6. cxd5 cxd5 7. Bd3 Bb7 8. O-O e6 9. Bd2 Nbd7 10. Qe2 Ne4 11. Rfc1 Bd6 12. Be1 f5 13. a4 b4 14.
Na2 a5 15. Rd1 O-O 16. Nc1 Qb8 17. Nb3 Rc8 18. g3 Bc6 19. Bxe4 fxe4 20. Ng5 Nf8 21. Qg4 Bd7 22. f4 h6 23. Nh3 Rc2 24. Rd2 Qc7 25. Qe2 Rc4 26. Nf2 Rc8 27. Ng4 Ng6 28.
Ne5 Nxe5 29. dxe5 Bc5 30. Nd4 Bb6 31. b3 Bxd4 32. Rxd4 Rxd4 33. exd4 Qc2 34. Qe3 Be8 35. Bd2 Qb2 36. Rc1 Rc2 37. Rxc2 Qxc2 38. h3 Bd7 39. g4 Bc8 40. Kf2 Qd1 41. f5 exf5 42. gxf5 Bxf5 43. Qf4 g6 44. h4 Qxb3 45. e6 Bxe6 46. Qf6 Bf7 47. Bxh6 Qc2+ 48. Kg3 Qd3+ 49. Kg4 Qe2+ 50. Kg3 Qe1+ 51. Kg4 Qg1+ 52. Kh3 Qh1+ 53. Kg3 Qg1+ 54. Kh3 Qh1+ 55. Kg3 Qf3+ 56. Qxf3 exf3 57. Kxf3 Be8 58. Kf4 Bxa4 59. Ke5 Bb3 60. Bd2 Kf7 61.
Kd6 Bc4 62. Kc5 b3 63. Bc1 Ke6 64. Ba3 Kf5 65. Kd6 Kg4 66. Ke5 Kxh4 0-1

[Event "Early-Titled-Tuesday-Blitz-September-26-2023"]
[Site "Chess.com"]
[Date "2023.09.26"]
[Round "1"]
[White "CalinGheorghiu"]
[Black "jens1102"]
[Result "1-0"]
[WhiteElo "2357"]
[BlackElo "2627"]
[TimeControl "180+1"]
[EndTime "8:08:47 PDT"]
[Termination "CalinGheorghiu won by checkmate"]

1. e4 e5 2. Nf3 Nc6 3. Bb5 Nf6 4.
d3 Bc5 5. O-O d6 6. c3 O-O 7.
Bg5 h6 8. Bh4 g5 9. Bg3 Bg4 10.
Nbd2 Ne7 11. Re1 Ng6 12. Nf1 c6 13. Ba4 h5 14. h3 h4 15. hxg4 hxg3 16. Nxg3 Nxg4 17.
d4 Bb6 18. Bb3 Nf4 19. Nf5 Qf6 20. Nxe5 Nxe5 21. dxe5 dxe5 22. Qg4 Rad8 23. g3 Nd3 24. Re2 Nxf2 25. Rxf2 Rd2 26. Rf1 Rxf2 27. Rxf2 Bxf2+ 28. Kxf2 Rd8 29. Ke2 a5 30. Qh5 Rd7 31. Nh6+ Kg7 32. Ng4 Qg6 33. Qxg6+ fxg6 34. Ke3 Re7 35. a4 b6 36. Bc4 Re8 37. Ba6 Re7 38. Bc4 Re8 39. Nf2 Kf6 40. Bb3 Re7 41. Bc4 Re8 42. b4 Re7 43. b5 cxb5 44. Bxb5 Rc7 45. c4 Ke6 46. Nd1 Rc8 47. Nc3 Rh8 48. Nd5 Rh3 49. Kf3 Kd6 50.
Nxb6 Kc5 51. Nd7+ Kd4 52. c5 Rh1 53. c6 Rc1 54. Nf6 g4+ 55. Kxg4 Ke3 56. c7 Kd4 57. Nd5 Kxe4 58. Bd7 Kxd5 59. c8=Q Rxc8 60. Bxc8 e4 61.
Kg5 e3 62. Ba6 Ke4 63. Be2 Kd4 64. Kxg6 Kc3 65. g4 Kd2 66. Bb5 e2 67. Bxe2 Kxe2 68. Kf5 Kd3 69. g5 Kc4 70. g6 Kb4 71. g7 Kxa4 72. g8=Q Ka3 73. Qc4 a4 74. Qc3+ Ka2 75. Qc2+ Ka3 76. Qc1+ Ka2 77. Qc3 a3 78. Qb4 Ka1 79.
Qxa3+ Kb1 80. Qb3+ Ka1 81. Qg3 Kb1 82. Ke4 Ka1 83. Kd3 Kb2 84. Qf2+ Kb3 85. Qc2+ Kb4 86. Kd4 Ka3 87. Qb1 Ka4 88. Kc4 Ka3 89. Qb3# 1-0

[Event "Early-Titled-Tuesday-Blitz-September-26-2023"]
[Site "Chess.com"]
[Date "2023.09.26"]
[Round "1"]
[White "CarlosjPineror"]
[Black "ChessArchitect64"]
[Result "1-0"]
[WhiteElo "2593"]
[BlackElo "2252"]
[TimeControl "180+1"]
[EndTime "8:08:48 PDT"]
[Termination "CarlosjPineror won by checkmate"]

1. e4 e5 2. Nf3 Nf6 3. d4 Nxe4 4. dxe5 d5 5. Bd3 Nc5 6. Be2 Be7 7. O-O O-O 8. Be3 c6 9. Nd4 f5 10. f4 Ne6 11. c3 Nxd4 12. cxd4 Be6 13. Nc3 Nd7 14. Rc1 b5 15. Nb1 Qb6 16. Bf3 a5 17. Nc3 a4 18. Kh1 g6 19. Qc2 Rfc8 20. Qf2 b4 21. Ne2 c5 22. dxc5 Bxc5 23. Nd4 Bxd4 24. Bxd4 Qb7 25. h3 Rxc1 26. Rxc1 Rc8 27. Qd2 b3 28. a3 Rc7 29. Kh2 Qc8 30. Rc3 Rxc3 31.
Bxc3 Qc6 32. Bb4 Qc2 33. Bxd5 Nf8 34. Bf3 Qxd2 35. Bxd2 Bd7 36. Be3 Ne6 37. Kg1 Kf8 38.
Kf2 Ke7 39. Ke2 h6 40. Kd3 Bb5+ 41. Kc3 g5 42. g3 Bf1 43. h4 gxh4 44. gxh4 Bb5 45.
Kb4 Bd7 46. Bd5 Nc7 47. Bc5+ Ke8 48. Bc4 Bc6 49. Bd6 Kd7 50. Bxc7 Kxc7 51. Bb5 Be4 52. Bxa4 h5 53. Bxb3 Bc6 54. Bf7 Kd7 55. Bxh5 Ke7 56.
Be2 Be4 57. Bc4 Kf8 58. Kc5 Kg7 59. b4 Bb7 60. Kd6 Bc8 61. e6 Kf6 62. e7 Bd7 63. Kxd7 Kg6 64. e8=Q+ Kh6 65. Qe6+ Kh5 66. Qxf5+ Kh6 67.
Qg5+ Kh7 68. Ke7 Kh8 69. Kf7 Kh7 70. Qh5# 1-0

[Event "Early-Titled-Tuesday-Blitz-September-26-2023"]
[Site "Chess.com"]
[Date "2023.09.26"]
[Round "1"]
[White "novocane"]
[Black "Goryachkina"]
[Result "0-1"]
[WhiteElo "2380"]
[BlackElo "2689"]
[TimeControl "180+1"]
[EndTime "8:08:49 PDT"]
[Termination "Goryachkina won by resignation"]

1. d4 Nf6 2. c4 e6 3. Nc3 d5 4.
cxd5 exd5 5. Bg5 c6 6. Qc2 g6 7.
Bxf6 Qxf6 8. Nxd5 Qxd4 9. Rd1 Bb4+ 10. Nc3 Qc5 11. e4 O-O 12. Bd3 Be6 13. Ne2 Nd7 14. O-O Ne5 15. a3 Bxc3 16. Nxc3 Rad8 17. Be2 a5 18. h3 b5 19. Qc1 Bb3 20. Rxd8 Rxd8 21.
Kh1 b4 22. Nb1 Qd6 23. f4 Nd3 24. Bxd3 Qxd3 25. Re1 Bc2 26. e5 c5 27. Re3 Qd1+ 28. Re1 Qxc1 29. Rxc1 Bxb1 30. Rxb1 Rd2 31. axb4 cxb4 32.
b3 Rd4 33. Ra1 Rxf4 34. Rxa5 Rd4 35. Rb5 Kf8 36. Kg1 Ke7 37. Kf2 Ke6 38. Ke3 Rh4 39. Kf3 Rd4 40. g3 h5 41. Ke3 Rd1 42. Rxb4 Kxe5 43.
Rb7 f5 44. h4 Re1+ 45. Kf2 Rb1 46. b4 f4 47. gxf4+ Kxf4 48. Rf7+ Kg4 49. Rg7 Rb2+ 50.
Ke3 Rb3+ 51. Kf2 Rf3+ 52. Ke2 Rf6 53. Rb7 Kxh4 54. b5 Kg3 55. b6 h4 56. Rb8 h3 57. b7 Re6+ 58. Kd3 Rb6 59. Rg8 Rxb7 60. Rxg6+ Kf2 61. Rh6 Kg2 62. Rg6+ Kf1 63. Rh6 Rb3+ 64.
Kd2 Kg2 65. Rg6+ Rg3 66. Rh6 h2 0-1

[Event "Early-Titled-Tuesday-Blitz-September-26-2023"]
[Site "Chess.com"]
[Date "2023.09.26"]
[Round "1"]
[White "colegiodemadrid"]
[Black "PeshkaCh"]
[Result "0-1"]
[WhiteElo "2472"]
[BlackElo "2798"]
[TimeControl "180+1"]
[EndTime "8:08:50 PDT"]
[Termination "PeshkaCh won on time"]

1. e4 e5 2. Nf3 Nc6 3. Bc4 Bc5 4.
d4 Bxd4 5. Nxd4 Nxd4 6. Be3 d6 7.
Bxd4 exd4 8. Qxd4 Qf6 9. Qxf6 Nxf6 10. Nc3 Be6 11. Bb3 O-O-O 12. O-O-O Rhe8 13. f3 h6 14. Rd2 a6 15. Rhd1 Bxb3 16. axb3 Re5 17. Nd5 Nxd5 18. Rxd5 Rde8 19. c3 Kd7 20. Kc2 R8e6 21. b4 c6 22. R5d3 f5 23. exf5 Rxf5 24. R1d2 Kc7 25. Rd4 Rfe5 26.
Rg4 g6 27. h3 b5 28. Rf4 Kb6 29. Rf7 a5 30. bxa5+ Kxa5 31. Rh7 h5 32. Rd7 d5 33.
Rf7 Kb6 34. Rf4 Re1 35. Rfd4 Rg1 36. Rf4 Kc5 37. Rf8 b4 38. cxb4+ Kxb4 39. Rc8 Kc5 40. Rf8 Kc4 41. Rb8 Ree1 42. b3+ Kc5 43. Rg8 Re6 44. Rb8 Ra1 45. Kd3 Rae1 46. Rb7 Rc1 47. Rb8 Rce1 48. Rb7 R1e3+ 49. Kc2 Re2 50. Rb8 R6e3 51. Rb7 d4 52. Rb8 Rc3+ 53. Kd1 Ree3 54. b4+ Kc4 55. Rd8 Rcd3 56.
Rd6 Kb5 57. Rxd4 Rxd2+ 58. Kxd2 Rb3 59. f4 Rb2+ 60. Ke3 Rxg2 61. Kf3 Rg1 62. Re4 Rb1 63. Re6 Rb3+ 64. Kg2 Rxb4 65. Rxg6 Rxf4 66. Rg5+ c5 67.
Rxh5 Kb4 68. Rh8 c4 69. Rb8+ Kc3 70. Kg3 Rf5 71. Kg4 Rd5 72. h4 Kd4 73. h5 c3 0-1

[Event "Early-Titled-Tuesday-Blitz-September-26-2023"]
[Site "Chess.com"]
[Date "2023.09.26"]
[Round "1"]
[White "Mikhail_Bryakin"]
[Black "kuanysh1981"]
[Result "1-0"]
[WhiteElo "2826"]
[BlackElo "2480"]
[TimeControl "180+1"]
[EndTime "8:08:53 PDT"]
[Termination "Mikhail_Bryakin won by resignation"]

1. Nf3 Nf6 2. e3 e6 3. b3 b6 4. Bb2 Bb7 5. Be2 Be7 6. O-O O-O 7. d4 d5 8. Nbd2 Nbd7 9. Ne5 c5 10. Ndf3 cxd4 11.
exd4 Rc8 12. Bd3 Ne4 13. a3 Ndf6 14. h3 a6 15. Re1 b5 16. Nd2 Qc7 17. Qe2 Rfd8 18.
f3 Nxd2 19. Qxd2 Bd6 20. Re2 Qb6 21. Qe3 Rc7 22. g4 a5 23. Rae1 b4 24. a4 Ba6 25.
Kg2 Bxd3 26. Qxd3 Rdc8 27. h4 Bxe5 28. dxe5 Nd7 29. Bd4 Qb8 30. h5 Rc6 31. Rf2 Rc3 32. Bxc3 Rxc3 33. Qd4 Qc7 34. Ree2 h6 35. Qf4 Qd8 36.
Re3 Rc8 37. Kh3 Nf8 38. Rg2 Nh7 39. Qd4 Ng5+ 40. Kg3 Qc7 41. Rge2 Nh7 42. f4 Nf8 43. Kh3 Qe7 44. Rg2 Nh7 45. Qb6 Ra8 46. Reg3 f6 47.
Re2 Rf8 48. exf6 Rxf6 49. Qxa5 Rxf4 50. Qxd5 Ng5+ 51. Kg2 Qf6 52. Qd3 e5 53. Qd5+ Kh8 54. Rd3 Rxg4+ 55. Rg3 Rxg3+ 56. Kxg3 Qf4+ 57. Kg2 e4 58. Rf2 Qg4+ 59. Kf1 Nf3 60. Rg2 Qf4 61. Ke2 Ng5 62.
Rf2 Qg4+ 63. Kd2 e3+ 64. Kxe3 Qg3+ 65. Ke2 Qg4+ 66. Kd2 Kh7 67. Qf5+ Qxf5 68. Rxf5 g6 69. hxg6+ Kxg6 70. Rb5 h5 71. Rxb4 Kf5 72. Rb5+ Kg4 73. Rb8 h4 74. Rh8 h3 75. Ke2 Nf3 76. a5 h2 77. Rxh2 Nxh2 78. a6 Nf3 79. a7 Nd4+ 80. Kd1 1-0

[Event "Early-Titled-Tuesday-Blitz-September-26-2023"]
[Site "Chess.com"]
[Date "2023.09.26"]
[Round "1"]
[White "FunnyDuck66"]
[Black "xxysoul6"]
[Result "0-1"]
[WhiteElo "2524"]
[BlackElo "3020"]
[TimeControl "180+1"]
[EndTime "8:08:59 PDT"]
[Termination "xxysoul6 won on time"]

1. d4 e6 2. c4 d5 3. Nc3 c5 4. cxd5 exd5 5. Nf3 Nf6 6. Bg5 Be6 7. e3 c4 8. Be2 Be7 9. O-O O-O 10.
b3 cxb3 11. Qxb3 b6 12. Rac1 Nc6 13. Qa4 Na5 14. Ne5 h6 15. Bh4 Rc8 16. Ba6 Rc7 17. Bg3 Bd6 18. Nb5 Rxc1 19. Rxc1 Bb8 20. Bh4 g5 21. Bg3 Ne4 22. Nc3 Nxg3 23. hxg3 Bxe5 24. dxe5 Qc7 25. Qd4 Qc5 26. Ne2 Qa3 27. Bd3 Nc4 28. e4 Nxe5 29. Bb1 Qd6 30. Nc3 Rc8 31. exd5 Qxd5 32. Qe3 Ng4 33. Nxd5 Nxe3 34. Rxc8+ Bxc8 35. Nxe3 h5 36. Kf1 Kg7 37. Bf5 Bb7 38. Ke2 Kf6 39. Bd3 Ke5 40. Bc4 f6 41. f3 a6 42. Bf7 b5 43. Bxh5 a5 44. Bf7 Kd4 45. Kd2 b4 46. Bb3 Bc6 47. Bc2 a4 48. Nf5+ Kc4 49. Ne3+ Kd4 50.
f4 Bb5 51. fxg5 fxg5 52. Nf5+ Ke5 53. Nh6 Bc6 54. Nf7+ Kf6 55. Nd6 Ke5 56. Nc4+ Kd4 57. Nb6 a3 58. Na4 Bd5 59. Bb1 Bxg2 60. Nb6 Bc6 61.
Kc2 Be4+ 62. Kb3 Bxb1 63. Kxb4 Bxa2 64. Kxa3 Be6 65. Kb2 g4 66. Na4 Ke3 67. Nc5 Bf5 68.
Kc3 Kf3 69. Nb7 Kxg3 70. Nd6 Bg6 71. Kd2 Kf2 72. Nc4 g3 73. Ne3 Bf5 74. Nd1+ Kf3 75. Ne3 Be4 76. Nc4 g2 77. Ne5+ Kf4 78. Nd3+ Bxd3 0-1

[Event "Early-Titled-Tuesday-Blitz-September-26-2023"]
[Site "Chess.com"]
[Date "2023.09.26"]
[Round "1"]
[White "noblerone"]
[Black "sergoy"]
[Result "0-1"]
[WhiteElo "2507"]
[BlackElo "2923"]
[TimeControl "180+1"]
[EndTime "8:09:11 PDT"]
[Termination "sergoy won on time"]

1. d4 Nf6 2. Nf3 e6 3. Bg5 h6 4. Bh4 d6 5. Nbd2 Be7 6. e4 Nbd7 7. Bd3 e5 8. c3 O-O 9. O-O Nh5 10. Bxe7 Qxe7 11.
Re1 Nf4 12. Bf1 Nf6 13. g3 Ng6 14. Bg2 c6 15. a4 Bg4 16. h3 Bxf3 17. Nxf3 Rfe8 18. Qb3 Nf8 19. Rad1 Ne6 20. dxe5 dxe5 21. Nh4 Nc5 22. Qc2 g6 23. b4 Ncd7 24. Qb3 Kg7 25.
Bf1 a5 26. Rd2 axb4 27. cxb4 c5 28. b5 c4 29. Bxc4 Nc5 30. Qb1 Rxa4 31. Bd5 Rea8 32.
b6 R8a6 33. Qb5 R6a5 34. Qb2 Ncxe4 35. Bxe4 Rxe4 36. Rxe4 Nxe4 37. Rc2 Rc5 38. Rxc5 Qxc5 39. Nf3 f6 40. Kg2 h5 41. h4 Qc6 42. Kg1 Nd6 43. Ne1 Nc4 44. Qb4 Nxb6 45. Qe7+ Kg8 46. Qd8+ Kf7 47.
Nd3 Nd5 48. g4 hxg4 49. Qh8 Nf4 50. Nxf4 Qc1+ 51. Kg2 Qxf4 52. Qh7+ Ke6 53. Qg8+ Kd6 54. Qxg6 Qf3+ 55. Kg1 e4 56. h5 e3 57. Qd3+ Ke5 58.
fxe3 Qg3+ 59. Kf1 Qh3+ 60. Ke2 Qxh5 61. Qd4+ Kf5 62. Qf4+ Kg6 63. Qe4+ Kg5 64. Qxb7 Qh2+ 65. Kd3 Qd6+ 66. Ke2 Qh2+ 67. Kd3 Qd6+ 68. Ke2 f5 69. Qg7+ Qg6 70. Qe7+ Qf6 71. Qe8 Qb2+ 72. Kf1 Qc1+ 73. Ke2 Qc2+ 74. Ke1 Qc3+ 75. Ke2 Qb2+ 76. Ke1 g3 77.
Qg8+ Kh4 78. Qg6 Qf2+ 79. Kd1 g2 80. Qh6+ Kg3 81. Qg5+ Kh2 82. Qh5+ Kg1 83. Qh3 Kf1 84. Kc1 Ke2 85. Qh5+ Kxe3 0-1